 Dungeon Crawl Stone Soup version 0.21.1-1-g345015fe64 (webtiles) character file.

70 Evaline the Conjurer (level 4, 0/24 HPs)
             Began as a Tengu Conjurer on June 9, 2018.
             Shot with an arrow by a centaur (1 damage)
             ... on level 3 of the Dungeon.
             The game lasted 00:18:39 (1806 turns).

Evaline the Conjurer (Tengu Conjurer)               Turns: 1806, Time: 00:18:39

Health: 0/24       AC:  4    Str:  8    XL:     4   Next: 21%
Magic:  0/8        EV: 13    Int: 16    God:
Gold:   123        SH:  0    Dex: 15    Spells: 1/7 levels left

rFire    . . .     SeeInvis .   a - +1 whip (elec)
rCold    . . .     Gourm    .   (no shield)
rNeg     . . .     Faith    .   e - +0 robe
rPois    .         Spirit   .   (helmet restricted)
rElec    .         Reflect  .   (no cloak)
rCorr    .         Harm     .   t - +1 pair of gloves
MR       +....                  (boots unavailable)
Stlth    ++........             (no amulet)
HPRegen  0.08/turn              d - ring of flight
MPRegen  0.11/turn              i - ring of protection from magic

@: no status effects
A: beak, talons 3
a: Evoke Flight


You were on level 3 of the Dungeon.
You were not hungry.

You visited 1 branch of the dungeon, and saw 3 of its levels.

You collected 123 gold pieces.

Inventory:

Hand Weapons
 a - a +1 whip of electrocution (weapon)
 b - a +0 hunting sling
 k - a +3 dagger
 m - a +0 mace of crushing
Missiles
 n - 50 stones (quivered)
 u - 25 poisoned needles
Armour
 e - a +0 robe (worn)
 p - a +0 leather armour
 t - a +1 pair of gloves (worn)
 w - a +0 robe
Jewellery
 d - a ring of flight (left hand)
 i - a ring of protection from magic (right hand)
Scrolls
 h - 3 scrolls of identify {unknown}
 l - a scroll of blinking {unknown}
 o - 2 scrolls of fear {unknown}
 r - 2 scrolls of teleportation {unknown}
 s - a scroll of immolation {unknown}
 v - a scroll of remove curse {unknown}
Potions
 q - a potion of heal wounds {unknown}
 x - a potion of curing {unknown}
Books
 g - a book of Conjurations

   Spells                             Type                      Level
   a - Magic Dart                     Conjuration                  1
   b - Searing Ray                    Conjuration                  2
   c - Dazzling Spray                 Conjuration/Hexes            3
   d - Fulminant Prism                Conjuration/Hexes            4
   e - Force Lance                    Conjuration/Translocation    4
   f - Iskenderun's Mystic Blast      Conjuration                  4
Comestibles
 c - 4 rations
 f - 2 chunks of flesh


   Skills:
 - Level 3.0 Dodging
 - Level 3.0 Stealth
 + Level 2.2 Spellcasting
 * Level 6.2 Conjurations


You had one spell level left.
You knew the following spells:

 Your Spells              Type           Power        Failure   Level  Hunger
a - Magic Dart            Conj           ###.         1%          1    #......
b - Searing Ray           Conj           ###...       2%          2    ###....
c - Dazzling Spray        Conj/Hex       ##....       17%         3    ###....


Dungeon Overview and Level Annotations

Branches:
Dungeon (3/15)

Altars:
Elyvilon

Annotations:
D:3 gorpus's ghost, amateur OpEE


Innate Abilities, Weirdness & Mutations

You have a beak for a mouth.
You have claws for feet.


Message History

You see here an arrow.
Casting: Dazzling Spray
Confirm with . or Enter, or press ? or * to list all spells.
Aiming: Dazzling Spray
Press: ? - help, Shift-Dir - straight line, f - centaur, p - ogre
Aim: a centaur, wielding a shortbow The spray of energy hits the centaur.
The centaur is moderately wounded.
The spray of energy hits the hobgoblin.
You kill the hobgoblin!
The centaur shoots an arrow.
The arrow hits you.
* * * LOW HITPOINT WARNING * * *
Gorpus's ghost (amateur Octopode Earth Elementalist) comes into view.
It is wielding a vorpal weapon.
Gorpus's ghost turns its malevolent gaze towards you.
A goblin comes into view.
As you read the scroll labeled GECZOU WUIBONGISU, it crumbles to dust.
It is a scroll of enchant armour.
Your +0 pair of gloves glows green for a moment.
The centaur shoots an arrow.
The arrow hits you.
You die...

#############
#..)........#####
###.#.......O.....#####
##.....#.#####..#.......
<........# #..@..##
##.#.##### #...#......o
#....# #....#...####
...#... ##..##..>).
##....##. #..# c.....#
#..>## . .... ......#
#...# ##..# .###.##
#.#.. #. W# g#


You could see an ogre, a centaur, gorpus's ghost, an orc and a goblin.

Vanquished Creatures
  2 adders
  2 leopard geckos
  2 giant cockroaches (D:1)
  7 goblins
  8 hobgoblins
  3 jackals (D:2)
  2 ball pythons
  8 bats
  6 frilled lizards (D:1)
  4 kobolds
  5 rats
49 creatures vanquished.

Notes
Turn   | Place    | Note
-------+----------+-------------------------------------------
     0 | D:1      | Evaline the Tengu Conjurer began the quest for the Orb.
     0 | D:1      | Reached XP level 1. HP: 10/10 MP: 4/4
   324 | D:1      | Reached XP level 2. HP: 14/15 MP: 1/6
   328 | D:1      | Learned a level 2 spell: Searing Ray
   636 | D:1      | Reached XP level 3. HP: 19/19 MP: 2/7
  1309 | D:2      | Found a white marble altar of Elyvilon.
  1556 | D:2      | Reached skill level 6 in Conjurations
  1561 | D:2      | Learned a level 3 spell: Dazzling Spray
  1735 | D:3      | Noticed an ogre
  1742 | D:3      | Reached XP level 4. HP: 22/24 MP: 6/8
  1804 | D:3      | Noticed a centaur
  1805 | D:3      | HP: 1/24 [centaur/arrow (5)]
  1805 | D:3      | Noticed gorpus's ghost (amateur OpEE)
  1806 | D:3      | Shot with an arrow by a centaur

Skill      XL: |  1  2  3 |
---------------+----------+-----
Stealth        | 3 |  3.0
Conjurations   | 6 |  6.2
Dodging        | 3 |  3.0
Spellcasting   | |  2.2

Action                   |  1- 3 |  4- 6 || total
-------------------------+-------+-------++-------
Melee: Dagger            |    29 |       ||    29
       Peck              |     3 |       ||     3
       Kick              |     9 |     1 ||    10
       Whip              |     5 |     6 ||    11
 Cast: Magic Dart        |    48 |     2 ||    50
       Searing Ray       |     6 |     1 ||     7
       Dazzling Spray    |       |     2 ||     2
  Use: Scroll            |       |     1 ||     1
  Eat: Chunk             |     4 |       ||     4
Armor: Robe              |     6 |     1 ||     7
Dodge: Dodged            |    26 |     3 ||    29
